 Dungeon Crawl Stone Soup version 0.28.0-45-g0d030f2227 (webtiles) character file.

Game seed: 10355392754028052487

150 crimpus the Skirmisher (level 5, -2/57 HPs)
             Began as an Ogre Fighter on Apr 16, 2022.
             Slain by a goblin
             ... wielding a +0 club
              (3 damage)
             ... on level 3 of the Dungeon.
             The game lasted 00:03:21 (3218 turns).

crimpus the Skirmisher (Ogre Fighter)               Turns: 3218, Time: 00:03:21

Health: -2/57      AC:  3    Str: 25    XL:     5   Next: 32%
Magic:  5/5        EV:  7    Int:  9    God:
Gold:   67         SH: 11    Dex:  8    Spells: 4/4 levels left

rFire   . . .      SeeInvis .   a - +0 flail
rCold   . . .      Faith    .   e - +0 tower shield "Weitrurgh" {Str+3}
rNeg    . . .      Spirit   .   b - +0 robe
rPois   .          Reflect  .   (helmet restricted)
rElec   .          Harm     .   (no cloak)
rCorr   .          Rampage  .   (gloves unavailable)
Will    .....                   (boots unavailable)
Stlth   +.........              (no amulet)
HPRegen 0.19/turn               (no ring)
MPRegen 0.09/turn               (no ring)

@: lethally poisoned (-2 -> -4)
A: large, unfitting armour, tough skin 1
a: no special abilities


You were on level 3 of the Dungeon.
You visited 1 branch of the dungeon, and saw 3 of its levels.

You collected 67 gold pieces.

Inventory:

Hand Weapons
 a - a +0 flail (weapon)
Armour
 b - a +0 robe (worn)
 e - the +0 tower shield "Weitrurgh" (worn) {Str+3}
   (You acquired it on level 1 of the Dungeon)

   Str:       It affects your strength (+3).
Scrolls
 c - a scroll of magic mapping {unknown}
 h - a scroll of teleportation
 i - a scroll of torment {unknown}
 k - a scroll of silence {unknown}
 l - a scroll of fog {unknown}
Potions
 d - a potion of might
 f - a potion of ambrosia {unknown}
 g - a potion of attraction {unknown}
 j - a potion of flight {unknown}


   Skills:
 + Level 5.1 Fighting
 - Level 1.7 Maces & Flails
 + Level 3.8 Dodging
 + Level 3.9 Shields


You had 4 spell levels left.
You didn't know any spells.
Your spell library contained the following spells:

 Spells                   Type           Power      Damage    Failure   Level
 Blink                    Tloc           0%         N/A       99%         2
 Lesser Beckoning         Tloc           0%         N/A       100%        3
 Manifold Assault         Tloc           0%         N/A       100%        5
 Borgnjor's Revivificati  Necr           0%         N/A       100%        8
 Necromutation            Tmut/Necr      0%         N/A       100%        8
 Death's Door             Necr           0%         N/A       100%        9


Dungeon Overview and Level Annotations

Branches:
Dungeon (3/15)

Altars:


Innate Abilities, Weirdness & Mutations

You are too large for most types of armour.
You have tough skin. (AC +1)


Message History

You block the ogre's attack.
You barely miss the ogre.
The ogre is moderately wounded.
You block the ogre's attack.
You barely miss the ogre.
The ogre is moderately wounded.
You block the ogre's attack.
You hit the ogre.
The ogre is heavily wounded.
The ogre hits you with a +0 giant club!!
* * * LOW HITPOINT WARNING * * *
You block the ogre's attack.
Unknown command.
You are too injured to fight recklessly!
You are too injured to fight recklessly!
Unknown command.
You are too injured to fight recklessly!
You barely miss the ogre.
The ogre is moderately wounded.
You block the ogre's attack.
You are too injured to fight recklessly!
You sock the ogre!
The ogre is almost dead.
The ogre closely misses you.
You thump the ogre!
You kill the ogre!
You block the adder's attack.
Your Fighting skill increases to level 5!
You have reached level 5!
You barely miss the adder. The adder barely misses you. The adder bites you.
* * * LOW HITPOINT WARNING * * *
You miss the adder. The adder bites you.
* * * LOW HITPOINT WARNING * * *
You are lethally poisoned!
The adder poisons you! You block the adder's attack. x2
You thump the adder!
You kill the adder!
* * * LOW HITPOINT WARNING * * *
You feel sick. The goblin hits you with a +0 club.
You die...

.......# ..#
#.###...####..#
#........>....#
...##.<.##.##.#
###...##.# .#
(....##.##.#### #
###...##........
#.###...##(.#.####
#..@g.........#
#####....#..###
#.......#
#######O......#
#........##.#.##
#.#####..g.###.#
#.# #.###.#.## #.#
#.# ##g## #.# #.#
#.#


You could see a goblin.

Vanquished Creatures
  An ogre (D:3)
  3 adders
  3 dart slugs
  5 endoplasms
  3 giant cockroaches
  2 goblins
  A hobgoblin (D:1)
  8 jackals
  3 quokkas
  A ball python (D:1)
  A bat (D:1)
  5 frilled lizards
  6 kobolds
  4 rats
46 creatures vanquished.

Notes
Turn   | Place    | Note
-------+----------+-------------------------------------------
     0 | D:1      | crimpus the Ogre Fighter began the quest for the Orb.
     0 | D:1      | Reached XP level 1. HP: 24/24 MP: 1/1
   153 | D:1      | Identified a scroll of acquirement
   153 | D:1      | Acquired the +0 tower shield "Weitrurgh" {Str+3}
   274 | D:1      | Reached XP level 2. HP: 28/32 MP: 2/2
   994 | D:1      | Reached XP level 3. HP: 36/40 MP: 3/3
  2130 | D:2      | Reached XP level 4. HP: 43/49 MP: 4/4
  2737 | D:3      | Noticed an ogre
  3215 | D:3      | Killed an ogre
  3216 | D:3      | Reached skill level 5 in Fighting
  3216 | D:3      | Reached XP level 5. HP: 8/57 MP: 5/5
  3217 | D:3      | HP: 2/57 [adder (2)]
  3218 | D:3      | Slain by a goblin

Illustrated notes

Levels and vault maps discovered:
D:1:      denvon_arrival_planthouse, layout_basic
D:2:      cheibrodos_helix_gallery, layout_basic, kennysheep_boxes
D:3:      layout_loops_ring, eino_tiny_chamber

Skill      XL: |  1  2  3  4 |
---------------+-------------+-----
Dodging        | 3 |  3.8
Shields        | 3 |  3.9
Fighting       | 5 |  5.1
Maces & Flails | |  1.7

Action                   |  1- 3 |  4- 6 || total
-------------------------+-------+-------++-------
Melee: Flail             |   106 |    67 ||   173
  Use: Scroll            |     3 |       ||     3
 Stab: Sleeping          |     1 |       ||     1
Armor: Robe              |    25 |    17 ||    42
Dodge: Dodged            |    39 |    24 ||    63
Block: Tower shield      |    84 |    62 ||   146
       Kite shield       |     1 |       ||     1
